 Dungeon Crawl Stone Soup version 0.29-a0-416-g83a48905f1 (webtiles) character file.

Game seed: 4617436651640223664

21594 Ijustatesigmund the Thaumaturge (level 12, -1/105 HPs)
             Began as a Deep Elf Fire Elementalist on May 16, 2022.
             Was a Believer of Vehumet.
             Hit by a large rock thrown by a cyclops (9 damage)
             ... on level 12 of the Dungeon.
             The game lasted 00:56:25 (17275 turns).

Ijustatesigmund the Thaumaturge (DEFE)             Turns: 17275, Time: 00:56:26

Health: -1/105     AC: 26    Str:  5    XL:     12   Next: 55%
Magic:  18/32      EV:  2    Int: 34    God:    Vehumet [**....]
Gold:   1635       SH:  5    Dex: 15    Spells: 11/40 levels left

rFire   + + .      SeeInvis .   c - +4 dagger (protect)
rCold   . . .      Faith    .   (no shield)
rNeg    . . .      Spirit   .   (body armour currently unavailable)
rPois   +          Reflect  +   (helmet currently unavailable)
rElec   .          Harm     .   (cloak currently unavailable)
rCorr   .          Rampage  .   (gloves currently unavailable)
Will    +....      NoTele   +   (boots currently unavailable)
Stlth   ++........              D - amulet of Utuc {Reflect rF++ Int+2 SH+5}
HPRegen 0.27/turn               E - ring of wizardry
MPRegen 0.23/turn               g - +6 ring of intelligence

@: tree-form
A: stationary, stasis, torment immunity, boosted hp
a: Renounce Religion


You were on level 12 of the Dungeon.
You worshipped Vehumet.
Vehumet was pleased with you.
You were a tree.
You visited 2 branches of the dungeon, and saw 13 of its levels.

You collected 1706 gold pieces.
You spent 71 gold pieces at shops.

Inventory:

Hand Weapons
 c - a +4 dagger of protection (weapon)
Missiles
 m - 4 throwing nets
 r - 7 curare-tipped darts (quivered)
Armour
 a - +0 steam dragon scales (melded)
 f - a +0 helmet (melded)
 o - a scarf of repulsion (melded)
 x - a +0 pair of gloves (melded)
 F - a +0 troll leather armour
Jewellery
 g - a +6 ring of intelligence (right branch)
 i - a ring of see invisible
 u - a ring of protection from fire
 C - an amulet of guardian spirit
 D - the amulet of Utuc (around neck) {Reflect rF++ Int+2 SH+5}
   (You acquired it on level 12 of the Dungeon)

   [amulet of reflection]

   It reflects blocked missile attacks.
   Int:       It affects your intelligence (+2).
   rF:        It greatly protects you from fire.
   SH:        It affects your SH (+5).
 E - a ring of wizardry (left branch)
 G - a ring of resist corrosion
Wands
 h - a wand of acid (1)
 j - a wand of polymorph (4)
 p - a wand of iceblast (1)
 t - a wand of digging (4)
 y - a wand of flame (49)
 A - a wand of paralysis (8)
Scrolls
 d - 2 scrolls of amnesia
 q - 2 scrolls of magic mapping
 v - 2 scrolls of poison
 w - 3 scrolls of identify
 z - 2 scrolls of immolation
Potions
 b - 2 potions of magic
 e - 3 potions of curing
 k - 3 potions of attraction
 l - 2 potions of flight
 n - 3 potions of brilliance
 s - 3 potions of lignification
 B - a potion of ambrosia


   Skills:
 - Level 6.2 Fighting
 - Level 2.0 Short Blades
 - Level 2.3 Armour
 - Level 6.4 Dodging
 - Level 2.4 Stealth
 - Level 14.7 Spellcasting
 - Level 11.2 Conjurations
 - Level 6.1 Translocations
 - Level 10.0 Fire Magic
 + Level 6.5 Earth Magic
 - Level 6.4 Evocations


You had 11 spell levels left.
You knew the following spells:

 Your Spells              Type           Power      Damage    Failure   Level
a - Foxfire               Conj/Fire      100%       2x1d9     0%          1
b - Scorch                Fire           100%       2d10      1%          2
c - Flame Wave            Conj/Fire      77%        2d14      1%          4
d - Iskenderun's Mystic   Conj/Tloc      71%        2d14      1%          4
e - Orb of Destruction    Conj           39%        9d11      6%          7
f - Iron Shot             Conj/Erth      35%        9d7       2%          6
g - Fireball              Conj/Fire      38%        3d16      1%          5

Your spell library contained the following spells:

 Spells                   Type           Power      Damage    Failure   Level
 Searing Ray              Conj           100%       2d8       1%          2
 Animate Skeleton         Necr           48%        N/A       1%          1
 Beastly Appendage        Tmut           48%        N/A       1%          1
 Pain                     Necr           96%        1d8       1%          1
 Wereblood                Tmut           24%        N/A       1%          2
 Call Canine Familiar     Summ           24%        N/A       1%          3
 Conjure Flame            Conj/Fire      77%        6-21      1%          3
 Inner Flame              Hex/Fire       56%        N/A       1%          3
 Portal Projectile        Hex/Tloc       90%        N/A       1%          3
 Spider Form              Tmut/Pois      24%        N/A       1%          3
 Summon Guardian Golem    Hex/Summ       24%        N/A       1%          3
 Vampiric Draining        Necr           24%        2d7       1%          3
 Fulminant Prism          Conj/Hex       29%        3d14      1%          4
 Hailstorm                Conj/Ice       58%        3d13      1%          4
 Lee's Rapid Deconstruct  Erth           31%        3d17*     1%          5
 Lightning Bolt           Conj/Air       29%        1d45      1%          5
 Summon Forest            Summ/Tloc      22%        N/A       5%          5
 Olgreb's Toxic Radiance  Pois           24%        N/A       6%          4
 Conjure Ball Lightning   Conj/Air       29%        3x3d8     11%         6
 Agony                    Necr           24%        N/A       17%         5
 Blade Hands              Tmut           12%        N/A       17%         5
 Excruciating Wounds      Necr           12%        N/A       17%         5
 Spellforged Servitor     Conj/Summ      29%        N/A       45%         7
 Ignition                 Fire           37%        3d11      54%         8
 Eringya's Noxious Bog    Tmut/Pois      12%        N/A       65%         6
 Lehudib's Crystal Spear  Conj/Erth      35%        10d9      71%         8
 Malign Gateway           Summ/Tloc      22%        N/A       82%         7
 Ozocubu's Refrigeration  Ice            12%        4d7       99%         7
 Summon Hydra             Summ           12%        N/A       99%         7
 Summon Horrible Things   Summ           12%        N/A       100%        8


Dungeon Overview and Level Annotations

Branches:
Dungeon (12/15)            Temple (1/1) D:6            Lair (0/6) D:11
    Orc: D:9-12

Altars:
Ashenzari
Cheibriados
Dithmenos
Elyvilon
Fedhas
Gozag
Hepliaklqana
Kikubaaqudgha
Makhleb
Nemelex Xobeh
Okawaru
Ru
Sif Muna
Trog
Uskayaw
Vehumet
Wu Jian
Xom
Yredelemnul
Zin
The Shining One

Shops:
D:4 [   D:5 *

Annotations:
D:2 Robin
D:8 3 runed translucent doors, Sat's ghost, novice HOBe
D:9 Gastronok


Message History

The deep elf pyromancer hits you with a +0 long sword.
* * * LOW HITPOINT WARNING * * *
Your life force feels restored.
A wave of flame ripples out!
The flame wave engulfs the vampire mosquito!!
The vampire mosquito is almost destroyed.
The flame wave engulfs the deep elf pyromancer!!
You kill the deep elf pyromancer!
Vehumet accepts your kill.
You feel your power returning.
You finish channelling waves of flame.
The vampire mosquito bites you.
* * * LOW HITPOINT WARNING * * *
The vampire mosquito draws strength from your injuries!
You block the vampire mosquito's attack.
Your Earth Magic skill increases to level 6!
Casting: Flame Wave (safe; 1% risk of failure)
Confirm with . or Enter, or press ? or * to list all spells.
You erupt in a blast of force!
The mystic blast hits the vampire mosquito!!
You destroy the vampire mosquito!
Vehumet accepts your kill.
You start resting.
A deep elf pyromancer is nearby!
Casting: Iskenderun's Mystic Blast (safe; 1% risk of failure)
Confirm with . or Enter, or press ? or * to list all spells.
Aiming: Iron Shot (dangerous; 2% risk of failure)
Press: ? - help, Shift-Dir - straight line, f - deep elf pyromancer
Aim: a deep elf pyromancer, wielding a +1 long sword of holy wrath (heavily wounded, covered in acid, 64% to hit)
The iron shot hits the deep elf pyromancer!!
You kill the deep elf pyromancer!
Vehumet accepts your kill.
You feel your power returning.
You start resting.
A cyclops comes into view.
Aiming: Paralyse
Press: ? - help, Shift-Dir - straight line, f - cyclops
Aim: a cyclops, quivering large rocks (chance to affect: 47%)
The cyclops resists with some effort.
The cyclops throws a large rock.
The large rock hits you!
You die...

###################
#.#.#.#.#.#.#.#.#)#.#.#.
.....)..........♣)......
.........##......##)C..#
....######......## ..#
.....# #......## #
.......#......##
.......##.....#
.......##....##
...........#.# ....#


You could see a cyclops.

Vanquished Creatures
  A boulder beetle (D:12)
  A hydra (D:11)
  Erica (D:8)
  3 two-headed ogres
  Sonja (D:11)
  3 wizards (D:12)
  3 deep elf pyromancers (D:12)
  An orc sorcerer (D:12)
  A deep elf zephyrmancer (D:12)
  A cyclops (D:12)
  3 gargoyles
  A komodo dragon (D:11)
  A kobold demonologist (D:11)
  4 trolls
  2 hornets
  3 dream sheep (D:11)
  11 yaks
  Eustachio (D:5)
  2 steam dragons
  6 vampire mosquitoes
  Edmund (D:5)
  4 orc warriors
  3 sky beasts
  2 ice beasts
  An ogre (D:7)
  A boggart (D:10)
  7 centaurs
  A phantom (D:4)
  2 kobold brigands
  Blork the orc (D:6)
  2 gnoll sergeants
  2 scorpions
  14 killer bees
  6 howler monkeys
  6 hounds
  2 orc priests
  2 jellies
  3 gnoll shamans
  6 iguanas
  Crazy Yiuf (D:5)
  Jessica (D:2)
  6 orc wizards
  25 gnolls
  6 adders
  A shadow imp (D:6)
  2 white imps
  4 worms
  3 dart slugs
  47 orcs
  8 ball pythons
  9 bats
  3 endoplasms
  2 giant cockroaches
  6 goblins
  7 hobgoblins
  13 jackals (D:5)
  15 kobolds
  3 quokkas
  8 frilled lizards
  5 rats
291 creatures vanquished.

Vanquished Creatures (collateral kills)
  A wizard (D:12)
1 creature vanquished.

Vanquished Creatures (others)
  A komodo dragon (D:10)
  A vampire mosquito (D:10)
  446 foxfires
  2 fungi (D:5)
  40 plants
490 creatures vanquished.

Grand Total: 782 creatures vanquished

Notes
Turn   | Place    | Note
-------+----------+-------------------------------------------
     0 | D:1      | Ijustatesigmund the Deep Elf Fire Elementalist began the
                  | quest for the Orb.
     0 | D:1      | Reached XP level 1. HP: 10/10 MP: 6/6
   295 | D:1      | Reached XP level 2. HP: 15/15 MP: 6/8
   298 | D:1      | Learned a level 2 spell: Scorch
   968 | D:1      | Reached XP level 3. HP: 19/19 MP: 6/10
   999 | D:1      | Found a faded altar of an unknown god.
  1102 | D:2      | Found a shadowy altar of Dithmenos.
  1564 | D:2      | Reached skill level 4 in Spellcasting
  2362 | D:2      | Noticed Robin
  2362 | D:2      | Noticed Jessica
  2518 | D:4      | Noticed a phantom
  2531 | D:4      | Killed a phantom
  2532 | D:4      | Reached XP level 4. HP: 18/24 MP: 1/12
  2532 | D:4      | Reached XP level 5. HP: 21/28 MP: 1/14
  2626 | D:4      | Learned a level 4 spell: Flame Wave
  3348 | D:3      | Noticed a sky beast
  3349 | D:3      | Reached skill level 5 in Spellcasting
  3392 | D:3      | Killed a sky beast
  3393 | D:3      | Reached skill level 5 in Fire Magic
  3393 | D:3      | Reached XP level 6. HP: 32/32 MP: 9/16
  3602 | D:2      | Killed Jessica
  4404 | D:4      | Found Qysh's Armour Boutique.
  4583 | D:4      | Noticed a sky beast
  4590 | D:4      | Killed a sky beast
  4591 | D:4      | Reached skill level 6 in Spellcasting
  4843 | D:4      | Reached XP level 7. HP: 36/36 MP: 13/18
  5174 | D:4      | Reached skill level 1 in Short Blades
  5310 | D:5      | Entered Level 5 of the Dungeon
  5493 | D:5      | Reached skill level 1 in Fighting
  6163 | D:5      | Found Vesahuat's General Store.
  6169 | D:5      | Bought a scroll of magic mapping for 35 gold pieces
  6169 | D:5      | Bought 6 curare-tipped darts for 36 gold pieces
  6181 | D:5      | Noticed Edmund
  6194 | D:5      | Killed Edmund
  6195 | D:5      | Reached XP level 8. HP: 17/44 MP: 7/20
  6405 | D:5      | Reached skill level 5 in Conjurations
  6740 | D:5      | Reached skill level 14 in Spellcasting
  6740 | D:5      | Reached XP level 9. HP: 55/55 MP: 20/29
  6883 | D:5      | Reached XP level 10. HP: 60/60 MP: 30/30
  7043 | D:5      | Noticed Eustachio
  7056 | D:5      | Killed Eustachio
  7664 | D:5      | Found a runed translucent door.
  7665 | D:5      | Noticed Crazy Yiuf
  7673 | D:5      | Killed Crazy Yiuf
  7864 | D:6      | Noticed Blork the orc
  7871 | D:6      | Killed Blork the orc
  8196 | D:6      | Found a staircase to the Ecumenical Temple.
  8206 | Temple   | Entered the Ecumenical Temple
  8442 | Temple   | Became a worshipper of Vehumet
  9166 | D:7      | Found a white marble altar of Elyvilon.
  9539 | D:7      | Reached skill level 1 in Armour
  9814 | D:7      | Found a blossoming altar of Fedhas.
 10376 | D:8      | Reached * piety under Vehumet
 10376 | D:8      | Offered knowledge of Freeze by Vehumet.
 10409 | D:8      | Noticed Erica
 10774 | D:8      | Killed Erica
 11182 | D:8      | Found a runed translucent gate.
 11185 | D:8      | Found a runed translucent gate.
 11188 | D:8      | Found a runed translucent gate.
 11193 | D:8      | Noticed Sat's ghost (novice HOBe)
 11345 | D:9      | Noticed a two-headed ogre
 11368 | D:9      | Killed a two-headed ogre
 11520 | D:9      | Reached skill level 1 in Evocations
 11717 | D:9      | Reached XP level 11. HP: 64/64 MP: 26/31
 12150 | D:9      | Reached skill level 10 in Fire Magic
 12200 | D:9      | Learned a level 4 spell: Iskenderun's Mystic Blast
 12241 | D:9      | Reached skill level 1 in Translocations
 13043 | D:9      | Noticed Gastronok
 13437 | D:10     | Entered Level 10 of the Dungeon
 14424 | D:10     | Noticed a skeletal warrior
 14459 | D:10     | Noticed a death knight
 14604 | D:11     | Noticed a two-headed ogre
 14613 | D:11     | Killed a two-headed ogre
 14614 | D:11     | Reached skill level 5 in Evocations
 14626 | D:11     | Reached ** piety under Vehumet
 14632 | D:11     | Offered knowledge of Poisonous Vapours by Vehumet.
 14636 | D:11     | Noticed an eight-headed hydra
 15003 | D:11     | Reached skill level 5 in Translocations
 15176 | D:11     | Noticed Sonja
 15181 | D:11     | Killed Sonja
 15596 | D:11     | Learned a level 7 spell: Orb of Destruction
 15600 | D:11     | Killed an eight-headed hydra
 15601 | D:11     | Reached skill level 10 in Conjurations
 15924 | D:11     | Found a staircase to the Lair.
 15938 | D:11     | Reached XP level 12. HP: 44/70 MP: 25/32
 16438 | D:12     | Identified 3 scrolls of acquirement
 16438 | D:12     | Acquired Ijustatesigmund's Grimoire of Supportive
                  | Confrontation
 16449 | D:12     | Learned a level 6 spell: Iron Shot
 16455 | D:12     | Learned a level 5 spell: Fireball
 16455 | D:12     | Acquired 1099 gold pieces
 16459 | D:12     | Acquired the amulet of Utuc {Reflect rF++ Int+2 SH+5}
 16496 | D:12     | Offered knowledge of Searing Ray by Vehumet.
 16911 | D:12     | Noticed a boulder beetle
 17010 | D:12     | Killed a boulder beetle
 17237 | D:12     | Noticed a two-headed ogre
 17245 | D:12     | Reached skill level 5 in Earth Magic
 17250 | D:12     | Killed a two-headed ogre
 17251 | D:12     | HP: 1/105 [vampire mosquito (5)]
 17275 | D:12     | Hit by a large rock thrown by a cyclops

Illustrated notes

Levels and vault maps discovered:
D:1:      lemuel_arrival_behind_the_door_small, layout_rooms,
          chequers_ecumenical_altar_lobes, minmay_liquid_box,
          hangedman_decor_points
D:2:      layout_basic, basic_altar, uniq_robin, uniq_jessica
D:3:      layout_basic, minmay_misc_feat_plants
D:4:      layout_gridville, serial_shops, nicolae_shop_stone
D:5:      lemuel_castle_with_subvaults [lemuel_castle_interior_original],
          layout_loops_cross, serial_shops, kennysheep_little_box,
          grunt_ministairs_13, dreamdust_princess_corridor, uniq_eustachio,
          uniq_edmund, uniq_crazy_yiuf_cottage
D:6:      layout_basic, minmay_temple_entry_enclosed_plants, uniq_blork_the_orc
D:7:      layout_cave_pools, nicolae_overflow_hidden_temple
D:8:      layout_cave_pools, ebering_ghost_rock_garden, uniq_erica
D:9:      layout_basic, david_orc_2, uniq_gastronok
D:10:     wad_arrow_thing, layout_basic, serial_aquarium,
          aquarium_bridge_island_large [aquarium_subvault_large_open,
          aquarium_subvault_balcony, aquarium_subvault_wall,
          aquarium_subvault_wall, aquarium_subvault_bridge],
          aquarium_window_fake, aquarium_window_fake,
          aquarium_window_corridor_1, aquarium_window_1, aquarium_view_2a
D:11:     layout_small_grid, david_lair_shrubbed, dreamdust_gnoll_shepherd,
          uniq_sonja
D:12:     minmay_tri_stars, layout_loops_corners
Temple:   mainiacjoe_temple_bowtie_tessellation

Skill      XL: |  1  2  3  4  5  6  7  8  9 10 11 12 |
---------------+-------------------------------------+-----
Conjurations   | 2 3 4 5 8 9 10 11 | 11.2
Spellcasting   | 4 5 6 14 | 14.7
Fire Magic     | 4 5 6 8 9 10 | 10.0
Short Blades   | 2 |  2.0
Dodging        | 4 6 |  6.4
Fighting       | 2 6 |  6.2
Armour         | 2 |  2.3
Evocations     | 1 6 |  6.4
Translocations | 6 |  6.1
Earth Magic    | 6 |  6.5
Stealth        | |  2.4

Action                   |  1- 3 |  4- 6 |  7- 9 | 10-12 || total
-------------------------+-------+-------+-------+-------++-------
Melee: Dagger            |     2 |     3 |     1 |    28 ||    34
Throw: Dart              |       |       |     6 |    14 ||    20
 Cast: Foxfire           |    50 |    52 |    33 |   128 ||   263
       Scorch            |    19 |    24 |    24 |    59 ||   126
       Flame Wave        |       |       |     3 |    71 ||    74
       Iskenderun's Myst |       |       |       |     5 ||     5
       Orb of Destructio |       |       |       |     2 ||     2
       Iron Shot         |       |       |       |    14 ||    14
Evoke: Wand              |       |       |       |    22 ||    22
  Use: Scroll            |     5 |     7 |     3 |    11 ||    26
       Potion            |     1 |       |     2 |     9 ||    12
 Stab: Sleeping          |     1 |       |       |     1 ||     2
       Paralysed         |       |       |       |     3 ||     3
Armor: Robe              |     6 |     8 |     6 |     2 ||    22
       Steam dragon scal |       |       |       |    29 ||    29
       Skin              |       |       |       |    10 ||    10
Dodge: Dodged            |    44 |    12 |    18 |   166 ||   240
       Repelled          |       |       |       |     3 ||     3
Block: Other             |       |       |       |     5 ||     5

Table legend: (Time is in decaauts)
 A = Elapsed time spent in this place.
 B = Non-inter-level travel time spent in this place.
 C = Inter-level travel time spent in this place.
 D = Time resting spent in this place.
 E = Time spent auto-exploring this place.
 F = Levels seen in this place.
 G = Mean time per level.
                   A        B        C        D        E       F      G
               +--------+--------+--------+--------+--------+-----+--------+
         Total |  17286 |  16763 |    523 |   6901 |   7127 |  13 | 1329.7 |
       Dungeon |  17023 |  16546 |    477 |   6901 |   6923 |  12 | 1418.6 |
        Temple |    262 |    216 |     46 |      0 |    204 |   1 |  262.0 |
               +--------+--------+--------+--------+--------+-----+--------+

Top non-repeatable levels by time:
     D:5: 2588 daAuts
     D:9: 1795 daAuts
    D:11: 1722 daAuts
     D:2: 1620 daAuts
     D:7: 1409 daAuts
     D:4: 1382 daAuts
     D:1: 1338 daAuts
    D:10: 1117 daAuts
     D:6: 1048 daAuts
     D:3: 1005 daAuts
    D:12: 1000 daAuts
     D:8: 994 daAuts
  Temple: 262 daAuts
